Map: Ruins of Endion

Players

Snakeus - Winner!

  • Race: Terran Terran
  • League: Silver
  • Spawn Location: 7:00

Fropez

  • Race: Protoss Protoss
  • League: Silver
  • Spawn Location: 5:00

VOD

Have the link to the VOD?

Description

Time

  • Played on: May 18, 2016, 12:16 p.m.
  • Length: 5:53
Show
View Real Time Build Order
Export as new Build Order

Snakeus Terran - Winner!

Build Orders:  

Get SALT Encoding   

  12  0:01  SCV  
  13  0:21  Supply Depot  
  13  0:22  SCV  
  14  0:34  SCV  
  15  0:44  Barracks  
  15  0:47  SCV  
  16  0:55  Barracks  
  16  1:06  SCV  
  17  1:15  Barracks  
  17  1:18  SCV  
  18  1:31  Supply Depot  
  18  1:32  Marine  
  19  1:45  Barracks  
  19  1:50  Marine  
  20  1:54  SCV  
  20  1:56  Marine  
  22  2:07  Marine  
  23  2:11  Barracks  
  23  2:14  Marine  
  23  2:15  Marine, Supply Depot  
  25  2:25  Marine  
  26  2:32  Marine x2  
  26  2:33  Marine  
  29  2:43  Marine  
  30  2:50  Marine x2, Supply Depot  
  30  2:51  Marine  
  33  2:58  Marine  
  33  3:01  Marine  
  35  3:07  Marine  
  36  3:17  Marine x2  
  36  3:18  Marine  
  36  3:19  Marine  
  40  3:25  Marine  
  40  3:35  Marine  
  37  3:57  Marine x4  
  37  3:58  Marine  
  42  4:15  Marine x5  
  47  4:44  Marine  
  47  4:45  Marine  
  47  4:46  Marine  
  47  4:47  Marine x2  
  40  5:03  Marine  
  40  5:04  Marine x2  
  40  5:05  Marine x2  
  43  5:20  Marine  
  39  5:22  Marine  
Show
View Real Time Build Order
Export as new Build Order

Fropez Protoss 

Build Orders:  

Get SALT Encoding   

  12  0:01  Probe (Chrono Boost)  
  13  0:15  Pylon  
  13  0:21  Probe (Chrono Boost)  
  14  0:31  Probe (Chrono Boost)  
  15  0:36  Gateway  
  15  0:42  Probe (Chrono Boost)  
  16  0:48  Assimilator  
  16  0:52  Probe (Chrono Boost)  
  17  0:59  Pylon  
  17  1:25  Cybernetics Core  
  17  1:43  Probe (Chrono Boost)  
  17  1:47  Assimilator  
  17  1:53  Probe (Chrono Boost)  
  18  2:01  Gateway x2  
  18  2:04  Probe (Chrono Boost)  
  19  2:10  Adept  
  19  2:14  Probe (Chrono Boost)  
  22  2:21  Pylon  
  22  2:25  Probe (Chrono Boost)  
  22  2:26  Warp Gate (Chrono Boost)  
  23  2:35  Probe (Chrono Boost)  
  24  2:46  Probe (Chrono Boost)  
  24  2:48  Adept  
  24  2:49  Adept  
  29  2:58  Probe (Chrono Boost)  
  30  3:09  Probe (Chrono Boost), Forge  
  31  3:21  Probe  
  30  3:47  Stalker x2  
  34  3:49  Protoss Ground Weapons Level 1 (Chrono Boost)  
  34  3:53  Stalker  
  34  3:55  Probe  
  33  4:10  Photon Cannon  
  33  4:14  Pylon  
  33  4:16  Mothership Core  
  35  4:36  Stalker x2  
  35  4:37  Probe  
  36  5:33  Stalker x3  
Tags
 
Matchup
PvT
Replay Pack
All Mines
Spawn Locations
Close Positions
Add a new tag
Caveats
  • Supply blocks, unpowered buildings, or Contaminate may cause inaccurate times.
  • Supply counts are checked every 10 seconds.